Cogmind - Beta 13 @@@ ROGUE MODE // 2024.06.01 @ 16:31:07 Player: Kat Result: Self-destructed Performance ------------- Evolutions (2) 1000 Regions Visited (4) 800 Robots Destroyed (39) 195 Value Destroyed (944) 944 Prototype IDs (4) 80 Alien Tech Used (0) 0 Bonus (0) 0 TOTAL SCORE: 3019 Bonus ------- None Cogmind --------- Core Integrity 535/550 Matter 82/300 Energy 280/280 System Corruption 0% Temperature Cool (19) Movement Walking (200) Ox1 Location -8/Materials Parts ------- > --- POWER (1) -------- Cooled Ion Engine > --- PROPULSION (3) --- Titanium Leg Titanium Leg VTOL Module > --- UTILITY (4) ------ Medium Storage Unit Improved Light Armor Plating Improved Light Armor Plating Hacking Suite > --- WEAPON (3) ------- Assault Cannon Assault Cannon Assault Cannon > --- INVENTORY (10) --- Improved Flight Unit Improved Signal Interpreter ECM Suite Improved Medium Laser Beam Cannon Assault Cannon Peak State ------------ > --- POWER ------------ Cooled Ion Engine > --- PROPULSION ------- Titanium Leg Titanium Leg VTOL Module > --- UTILITY ---------- Medium Storage Unit Improved Light Armor Plating Improved Light Armor Plating Hacking Suite > --- WEAPON ----------- Assault Cannon Assault Cannon Assault Cannon > --- INVENTORY -------- Improved Flight Unit ECM Suite Improved Medium Laser Beam Cannon Assault Cannon [Rating: 31] Favorites ----------- Power Ion Engine Engine Ion Engine Propulsion Titanium Leg Leg Titanium Leg Wheel Wheel Hover Unit Improved Hover Unit Flight Unit Flight Unit Utility Hacking Suite Device Sensor Array Storage Small Storage Unit Hackware Hacking Suite Protection Improved Light Armor Plating Weapon Assault Cannon Energy Gun EM Pulse Gun Energy Cannon Beam Cannon Ballistic Cannon Assault Cannon Launcher Mini Grenade Launcher Build | -11 -10 -9 -9 -8 ------- Run | Yrd Mat Mat Min Mat Slots Evolved 4 | . . 2 . 2 Power . | . . . . . Propulsion 1 | . . 1 . . Utility 2 | . . 1 . 1 Weapon 1 | . . . . 1 Parts Attached 69 | 7 24 31 1 6 Power 4 | 1 1 2 . . Engine 4 | 1 1 2 . . Core . | . . . . . Reactor . | . . . . . Propulsion 24 | 2 5 16 1 . Treads . | . . . . . Leg 5 | . . 5 . . Wheel 2 | 2 . . . . Hover 2 | . 2 . . . Flight 15 | . 3 11 1 . Utility 9 | 2 3 3 . 1 Device 4 | 1 2 1 . . Storage 2 | 1 . . . 1 Processor . | . . . . . Hackware 1 | . 1 . . . Protection 2 | . . 2 . . Artifact . | . . . . . Weapon 32 | 2 15 10 . 5 Energy Gun 16 | 2 8 4 . 2 Energy Cannon 7 | . 4 3 . . Ballistic Gun . | . . . . . Ballistic Cannon 6 | . . 3 . 3 Launcher 3 | . 3 . . . Special Weapon . | . . . . . Impact Weapon . | . . . . . Slashing Weapon . | . . . . . Piercing Weapon . | . . . . . Special Melee Weapon . | . . . . . Unidentified Prototypes 2 | . . 1 . 1 Parts Lost 9 | . 5 4 . . Power 1 | . . 1 . . Propulsion 3 | . 2 1 . . Utility 2 | . . 2 . . Weapon 3 | . 3 . . . Highest Loss Streak 5 | . 5 2 . . To Critical Strikes . | . . . . . Average Slot Usage (%) 96 | . 98 92 100 99 Engine 11 | . 13 10 11 9 Leg 9 | . . 17 23 18 Wheel 1 | . 2 . . . Hover 9 | . 18 . . . Flight 9 | . 5 14 9 9 Device 10 | . 14 9 . . Storage 4 | . 6 . . 8 Hackware 9 | . 7 11 11 9 Protection 6 | . . 10 22 18 Energy Gun 15 | . 25 7 . . Ballistic Cannon 8 | . . 12 22 26 Naked Turns . | . . . . . Heaviest Build 39 | 15 15 24 24 39 Greatest Support 51 | 20 20 51 34 34 Greatest Overweight (x) 4 | 4 3 4 1 1 Average Overweight (x) . | . . . . . Largest Inventory Capacity 10 | 8 8 5 5 10 Average Capacity 6 | 7 6 5 5 9 Most Carried 6 | 2 5 5 5 6 Average Carried 4 | . 4 4 4 5 Final Capacity 10 | 8 5 5 5 10 Final Carried 6 | . 5 5 5 6 Class Distribution -------------------- 67% | Mutant 18% | Scavenger-Mutant 10% | Tank 3% | Sprinter Dominant Class ---------------- Mutant | -10/Materials Mutant | -9/Materials Mutant | -9/Mines Tank | -8/Materials Resources | -11 -10 -9 -9 -8 ----------- Run | Yrd Mat Mat Min Mat Matter Collected 935 | 270 315 132 103 115 Remotely . | . . . . . Salvage Created 1149 | 174 539 293 37 106 Parts 86 | 13 39 19 9 6 Haulers Intercepted 1 | . 1 . . . Recyclers Shooed 2 | 1 . . 1 . Parts Field Recycled . | . . . . . Retrieved Matter . | . . . . . Parts Self-Destructed . | . . . . . Prevented . | . . . . . Kills | -11 -10 -9 -9 -8 ------- Run | Yrd Mat Mat Min Mat Combat Hostiles Destroyed 23 | . 11 6 4 2 Guns 5 | . 5 . . . Cannons 14 | . 3 6 4 1 AOE 3 | . 3 . . . Classes Destroyed 9 | 2 5 1 . 1 Tunneler 6 | 5 1 . . . Hauler 1 | . 1 . . . Recycler 1 | 1 . . . . Operator 3 | . 2 1 . . Watcher 5 | . 3 2 . . Swarmer 7 | . 3 . 4 . Grunt 13 | . 8 5 . . Sentry 2 | . . 1 . 1 Hunter 1 | . . . . 1 Best Kill Streak 6 | 6 4 2 4 1 Combat Bots Only 4 | . 4 2 4 1 Max Kills in Single Turn 2 | 1 2 1 1 1 Gunslinging . | . . . . . Exploded 2 | . 2 . . . Melee . | . . . . . Uniques/NPCs Destroyed . | . . . . . Combat | -11 -10 -9 -9 -8 -------- Run | Yrd Mat Mat Min Mat Hostile Shots Fired 193 | . 79 64 9 41 Missed 56 | . 20 23 3 10 Damage Taken 1718 | . 744 485 49 440 Core 334 | . 182 137 . 15 Absorbed by Shields . | . . . . . Regen/Repaired (Parts) 88 | . 5 83 . . Core Remaining (%) 64 | 100 27 . 65 . Volleys Fired 117 | 9 55 32 4 17 Largest 3 | 2 2 2 2 3 Hottest 132 | 80 120 88 88 132 Shots Fired 192 | 18 102 41 8 23 Gun 131 | 18 92 12 . 9 Cannon 59 | . 8 29 8 14 Launcher 2 | . 2 . . . Special . | . . . . . Kinetic 41 | . . 19 8 14 Thermal 58 | . 39 10 . 9 Explosive 2 | . 2 . . . Electromagnetic 91 | 18 61 12 . . Robot Hit Streak 11 | 9 9 4 2 11 Robot Miss Streak 4 | 1 4 3 1 3 Penetration Max . | . . . . . Secondary Targets . | . . . . . Shots Hit Robots 113 | 13 61 21 4 14 Core Hits 49 | 6 27 9 5 2 Critical Kills . | . . . . . Critical Parts Destroyed . | . . . . . Critical Strikes 1 | . . 1 . . Blast 1 | . . 1 . . Melee Attacks . | . . . . . Impact . | . . . . . Slashing . | . . . . . Piercing . | . . . . . Sneak Attacks . | . . . . . Combat Hostiles . | . . . . . Follow-up Attacks . | . . . . . Damage Inflicted 2099 | 181 1048 471 97 302 Guns 1153 | 181 713 108 . 151 Cannons 674 | . 69 363 91 151 Explosions 266 | . 266 . . . Melee . | . . . . . Ramming 6 | . . . 6 . Kinetic 484 | . . 242 91 151 Thermal 667 | . 395 121 . 151 Explosive 188 | . 188 . . . Electromagnetic 754 | 181 465 108 . . Impact . | . . . . . Slashing . | . . . . . Piercing . | . . . . . Highest Corruption . | . . . . . Average Corruption . | . . . . . Corruption Purged . | . . . . . Corruption Blocked . | . . . . . Overload Shots . | . . . . . Overflow Damage 9 | . . . . 9 Projectiles 9 | . . . . 9 Explosions . | . . . . . Melee . | . . . . . Knockbacks 3 | . . 2 . 1 Impact . | . . . . . Kinetic 3 | . . 2 . 1 Secondary . | . . . . . Self-Inflicted Damage 36 | . 36 . . . Shots 2 | . 2 . . . Rammed . | . . . . . Targets Rammed 2 | . . . 2 . Kicked 2 | . . . 2 . Crushed . | . . . . . Highest Temperature 394 | 72 394 298 96 60 Average Temperature 97 | 26 133 69 48 23 Received Heat Transfer 651 | . 360 228 . 63 Effects 3 | . 3 . . . Interference 2 | . 2 . . . Matter Decay 1 | . 1 . . . Siege Activations . | . . . . . Robots Corrupted . | . . . . . Combat Hostiles . | . . . . . Parts Fried 4 | 3 1 . . . Impact Corruptions . | . . . . . Robots Melted 1 | . . . . 1 Combat Hostiles 1 | . . . . 1 Parts Melted 3 | . 2 . . 1 Heat Transferred 1365 | . 773 259 . 333 Parts Sabotaged . | . . . . . Parts Stolen . | . . . . . Parts Stripped . | . . . . . Power Chain Reactions 1 | . 1 . . . Alert | -11 -10 -9 -9 -8 ------- Run | Yrd Mat Mat Min Mat Peak Influence 324 | 30 324 255 137 148 Initial 136 | . 19 136 31 53 Average 105 | 10 86 156 88 69 Maximum Alert Level 1 | . 1 1 . . Low Security (%) 88 | 100 91 78 100 100 Level 1 11 | . 8 21 . . Level 2 . | . . . . . Level 3 . | . . . . . Level 4 . | . . . . . Level 5 . | . . . . . High Security . | . . . . . Max Security . | . . . . . Squads Dispatched 5 | . 3 2 . . Investigation 3 | . 2 1 . . Extermination . | . . . . . Reinforcement 2 | . 1 1 . . Assault . | . . . . . Garrison . | . . . . . Intercept . | . . . . . Searches Triggered . | . . . . . Construction Impeded . | . . . . . Haulers Reinforced . | . . . . . Active Scanning Responses . | . . . . . Cargo Convoy Interrupts . | . . . . . Stealth | -11 -10 -9 -9 -8 --------- Run | Yrd Mat Mat Min Mat Distress Signals 6 | . . 4 . 2 Communications Jammed . | . . . . . Distress Signals . | . . . . . Times Spotted 59 | . 20 22 4 13 Peak Tracking Total 8 | . 3 4 4 8 Tactical Retreats 6 | . 1 4 . 1 Traps | -11 -10 -9 -9 -8 ------- Run | Yrd Mat Mat Min Mat Traps Triggered . | . . . . . Indirectly . | . . . . . Trap Hack Attempts . | . . . . . Triggered . | . . . . . Disarmed 2 | . 2 . . . Reprogrammed . | . . . . . Reused . | . . . . . Traps Extracted . | . . . . . Installed . | . . . . . Triggered . | . . . . . Machines | -11 -10 -9 -9 -8 ---------- Run | Yrd Mat Mat Min Mat Machines Disabled 7 | . 4 2 1 . Max in Single Turn 2 | . 2 1 1 . Machines Repaired . | . . . . . Machines Dismantled . | . . . . . Machines Sabotaged . | . . . . . Overloaded Fab Kills . | . . . . . Hacking | -11 -10 -9 -9 -8 --------- Run | Yrd Mat Mat Min Mat Machines Accessed 17 | . 8 8 . 1 Terminals 14 | . 7 6 . 1 Fabricators . | . . . . . Repair Stations 3 | . 1 2 . . Recycling Units . | . . . . . Scanalyzers . | . . . . . Garrison Access . | . . . . . Total Hacks 46 | . 23 21 . 2 Successful 22 | . 9 12 . 1 Failed 24 | . 14 9 . 1 Catastrophic 3 | . 1 2 . . Database Lockouts . | . . . . . Manual . | . . . . . Terminals 33 | . 19 12 . 2 Fabricators . | . . . . . Repair Stations 13 | . 4 9 . . Recycling Units . | . . . . . Scanalyzers . | . . . . . Garrison Access . | . . . . . Terminal Hacks 12 | . 7 4 . 1 Prototype ID Bank 1 | . 1 . . . Locate Traps 2 | . 2 . . . Disarm Traps 2 | . 2 . . . Dispatch Records 1 | . . 1 . . Patrol Status 1 | . . 1 . . Transport Status 1 | . . . . 1 Hauler Manifests 1 | . . 1 . . Registered Components 1 | . 1 . . . Zone Layout 2 | . 1 1 . . Fabricator Hacks . | . . . . . Repair Station Hacks 10 | . 2 8 . . Scan Component 5 | . 1 4 . . Repair 5 | . 1 4 . . Recycling Unit Hacks . | . . . . . Scanalyzer . | . . . . . Garrison Access Hacks . | . . . . . Unauthorized Hacks . | . . . . . Terminals . | . . . . . Fabricators . | . . . . . Repair Stations . | . . . . . Recycling Units . | . . . . . Scanalyzers . | . . . . . Garrison Access . | . . . . . Data Cores Recovered 2 | . 1 1 . . Used . | . . . . . Hacking Detections 15 | . 7 7 . 1 Full Trace Events 4 | . 3 1 . . Feedback Events . | . . . . . Feedback Blocked . | . . . . . Robot Schematics Acquired . | . . . . . Robots Built . | . . . . . Authchips . | . . . . . Time . | . . . . . Total Robot Build Rating . | . . . . . Part Schematics Acquired . | . . . . . Parts Built . | . . . . . Authchips . | . . . . . Time . | . . . . . Total Part Build Rating . | . . . . . Parts Repaired 5 | . 1 4 . . Time 120 | . 26 94 . . Parts Recycled . | . . . . . Recycled Matter . | . . . . . Retrieved Matter . | . . . . . Retrieved Components . | . . . . . Parts Scanalyzed . | . . . . . Part Schematics Acquired . | . . . . . Parts Damaged . | . . . . . Bothacking | -11 -10 -9 -9 -8 ------------ Run | Yrd Mat Mat Min Mat Used RIF Installer . | . . . . . Robots Hacked . | . . . . . Non-combat . | . . . . . Combat . | . . . . . Robot Hacks Applied . | . . . . . Relay Couplers Released . | . . . . . Fabnet Peak Effective % . | . . . . . Robots Rewired . | . . . . . Allies Hacked . | . . . . . Hacks Repelled . | . . . . . Allies | -11 -10 -9 -9 -8 -------- Run | Yrd Mat Mat Min Mat Total Allies . | . . . . . Largest Group . | . . . . . Highest-Rated Group . | . . . . . Highest-Rated Ally . | . . . . . Total Orders . | . . . . . Ally Attacks . | . . . . . Total Damage . | . . . . . Kills . | . . . . . Allies Corrupted . | . . . . . Allies Melted . | . . . . . Intel | -11 -10 -9 -9 -8 ------- Run | Yrd Mat Mat Min Mat Robot Analysis Total . | . . . . . Derelict Logs Recovered . | . . . . . Drone Launches . | . . . . . Drone Recoveries . | . . . . . Exploration | -11 -10 -9 -9 -8 ------------- Run | Yrd Mat Mat Min Mat Turns Passed 2503 | 122 1151 878 87 265 Spaces Moved 1359 | 85 591 540 50 93 Core 25 | 16 7 2 . . Treads . | . . . . . Legs 396 | . . 253 50 93 Wheels 156 | 69 87 . . . Hover 243 | . 243 . . . Flight 539 | . 254 285 . . Fastest Speed 29 | 50 37 29 130 130 Average Speed 85 | 91 57 91 141 196 Slowest Speed 250 | 250 200 250 200 200 Overloaded Moves . | . . . . . Propulsion Burnouts . | . . . . . Robots Hopped 2 | . . 2 . . Cave-ins Triggered . | . . . . . Exploration Rate (%) 34 | 4 82 60 12 14 Regions Visited 4 Branch Regions 1 Pre-discovered Areas . | . . . . . Known Exits Taken . | . . . . . Unknown Exits Taken 4 | 1 1 1 1 . Scrap Searched 1 | . . . 1 . Spaces Dug . | . . . . . Terrain Destroyed 16 | . 7 3 1 5 Melee . | . . . . . Projectile 9 | . . 3 1 5 AOE 7 | . 7 . . . Terrain Rammed . | . . . . . Walls Destroyed . | . . . . . Machines Disabled . | . . . . . Actions | -11 -10 -9 -9 -8 --------- Run | Yrd Mat Mat Min Mat Total 2502 | 110 1299 881 58 154 Wait 879 | 5 593 248 . 33 Move 1351 | 84 590 535 49 93 Hop 2 | . . 2 . . Pick Up 40 | 5 17 14 1 3 Fast Attach 21 | 2 10 9 . . Attach 27 | 5 8 9 1 4 Detach 9 | . 4 3 . 2 Swap 21 | . 6 13 . 2 Drop 33 | . 16 16 1 . Fire 117 | 9 55 32 4 17 Melee . | . . . . . Ram . | . . . . . Kick 2 | . . . 2 . Crush . | . . . . . Escape Stasis . | . . . . . Rewire . | . . . . . Trap . | . . . . . Miscellaneous . | . . . . . Route ------- -11/Scrapyard -10/Materials (discovered 3 exits: *Mat x2 / [*Min]) -9/Materials (discovered 3 exits: *Mat / [*Min x2]) -9/Mines -8/Materials History --------- Turn | Location | Event 19 | -11/Scrapyard | Discovered new exit (range 16) 123 | -11/Scrapyard | Entered Materials 277 | -10/Materials | Lost 5 parts (2n3w) 310 | -10/Materials | Discovered new exit (range 14) 311 | -10/Materials | Build established: Mutant 671 | -10/Materials | Core integrity fell below 50% 1017 | -10/Materials | Discovered new exit (range 9) 1178 | -10/Materials | Repaired Flight Unit 1248 | -10/Materials | Discovered new exit (range 16) 1274 | -10/Materials | Entered another Materials area 1274 | -9/Materials | Evolved 2 slots: Propulsion x1, Utility x1 1311 | -9/Materials | Repaired EM Pulse Gun 1338 | -9/Materials | Repaired Flight Unit 1365 | -9/Materials | Repaired Flight Unit 1597 | -9/Materials | Repaired VTOL Module 1654 | -9/Materials | Discovered new exit (range 11) 1851 | -9/Materials | Discovered new exit (range 15) 2075 | -9/Materials | Discovered new exit (range 6) 2152 | -9/Materials | Entered Mines 2171 | -9/Mines | Discovered new exit (range 10) 2239 | -9/Mines | Entered Materials 2239 | -8/Materials | Evolved 2 slots: Utility x1, Weapon x1 2504 | -8/Materials | Self-destructed Last Messages --------------- Carbon-fiber Leg melted. K-01 Serf collects debris. Acquired 59 matter. R-06 Scavenger collects Carbon-fiber Leg. K-01 Serf collects debris. Acquired 1 matter. K-01 Serf collects debris. Acquired 5 matter. K-01 Serf collects debris. Y-45 Defender destroyed. K-01 Serf collects debris. W-25 Informer sends out distress signal. Acquired 1 matter. R-06 Scavenger collects Heat Sink. K-01 Serf collects debris. W-25 Informer destroyed. Acquired 47 matter. K-01 Serf collects debris. R-06 Scavenger collects Lgt. Treads. K-01 Serf collects debris. Map ----- +----------------------------------------------------+ | #???????????????????????????????????????????????? | | #???????????????????????????????????????????????? | | ########????????????????????????????????????????? | | # ?????????????????????????????????????????? | | # """"?????????????????????????????????????????? | | # """""????????????????????????????????????????? | | # """""????????????????????????????????????????? | | + """""????????????????????????????????????????? | | # """""????????????????????????????????????????? | | # """""????????????????????????????????????????? | | # """""????????????????????????????????????????? | | # #??????????????????????????????????????? | | ##########??????????????????????????????????????? | | #???????????????????????????????????????????????? | | #???????????????????????????????????????????????? | | ##?????#######?????###########??????????????????? | | ####### #?????# #??????????????????? | | #?????# #??????????????????? | | #?????# #??????????????????? | | #?????# ! #??????????????????? | | ####### #?????# #??????????????????? | | ###?????## ##?????# #??????????????????? | | ?????????# #??????# k! #??????????????????? | | ?????????# #??????# [[ #??????????????????? | | ?????????# ############r######## ??????????? | | ?????????# r @ #?????????? | | ?????????# % % [ #?????????? | | ?????????# #?????????? | | ?????????############### #;;#### #?????????? | | ???????????????????????# w####??????###?????????? | | ???????????????????????# k#?????????????????????? | | ???????????????????????#! #?????????????????????? | | ???????????????????????#% #?????????????????????? | | ???????????????????????# g #?????????????????????? | | ???????????????????????#Y g#?????????????????????? | | ???????????????????????#ggg#?????????????????????? | | ???????????????????????# #?????????????????????? | | ???????????????????????# #?????????????????????? | | ???????????????????????? a #?????????????????????? | | ???????????????????????? ?????????????????????? | | ???????????????????????? ?????????????????????? | | ?????????????????????????????????????????????????? | | ?????????????????????????????????????????????????? | | ?????????????????????????????????????????????????? | | ?????????????????????????????????????????????????? | | ?????????????????????????????????????????????????? | | ?????????????????????????????????????????????????? | | ?????????????????????????????????????????????????? | | ?????????????????????????????????????????????????? | | ?????????????????????????????????????????????????? | +----------------------------------------------------+ Best States ------------- Heat Dissipation 31 Energy Generation 14 Energy Capacity 280 Matter Stores 300 Matter Capacity 300 Sight Range 16 Robot Scan Range 14 Terrain Scan Density 10 ECM Strength 1 Armor Coverage 300 Evasion (%) 64 Offensive Hacking 10 Item Schematics ----------------- None Robot Schematics ------------------ None Fabricated ------------ Nothing Alien Tech Used ----------------- None Achievements -------------- None Challenges ------------ None Game ------ Seed HellfireArmageddonCasing Manual? 0 Play Time 00:35:46 Cumulative 6.9 hours Start 2024.06.01 @ 15:54:23 End 2024.06.01 @ 16:31:07 Sessions 1 Manual Loads 0 Difficulty Rogue Special Mode None Game No. 14 Rogue 14 Adventurer 0 Explorer 0 Win Type - Total 0 Types 0/0/0/0/0/0/0/0/0 Lore% 5 Gallery% 12 Achievement% 10 Wizard Run 0 Options --------- Layout 1 ASCII 0 Keyboard 0 Movement Mouse Keybinds 0 Fullscreen 2 Font 24/Terminus Map View 50x35 Zoom Use 0% Tactical HUD 0 Map Filters NONE Filters NONE Steam 1 RUN: f23f5b5f-c035-430a-b115-f411e0d688ff